 Dungeon Crawl Stone Soup version 0.23-a0-577-g2b1de944cd (webtiles) character file.

615056 LLavrengius the Impregnable (level 27, -5/224 HPs)
             Began as a Barachi Ice Elementalist on Dec 12, 2018.
             Was the Champion of Cheibriados.
             Slain by a golden dragon (12 damage)
             ... on level 4 of the Realm of Zot on Dec 15, 2018.
             The game lasted 11:53:31 (91410 turns).

LLavrengius the Impregnable (BaIE)                 Turns: 91410, Time: 11:53:32

Health: -5/224     AC: 49    Str: 25    XL:     27
Magic:  51/51      EV: 12    Int: 49    God:    Cheibriados [******]
Gold:   2816       SH: 42    Dex: 33    Spells: 10/63 levels left

rFire    + . .     SeeInvis +   t - +9 double sword (holy)
rCold    . . .     Gourm    .   i - +18 shield of the Gong {rElec rN+ MR+ EV-5}
rNeg     + + +     Faith    .   k - +14 plate armour of Darkness {rF+ rN++ rCorr}
rPois    .         Spirit   .   r - +3 hat of Pondering {ponderous, MR+ MP+10 Int+5}
rElec    +         Reflect  +   I - +4 cloak of Kaoloa {Int+2 Slay+3}
rCorr    +         Harm     .   g - +2 pair of gloves of the Monkey's Uncle {rN+ Str-3 Int+3}
MR       ++++.                  A - +2 pair of boots {Fly}
Stlth    ..........             Y - brooch of Shielding {Reflect SH+8}
HPRegen  0.47/turn              D - ring "Issimn" {Wiz Dex+4}
MPRegen  0.32/turn              q - ring of see invisible

@: silence, can't hop, very slow
A: +LOS, swims, thin metallic scales 1, deformed body, low mp 1, slowness 1,
strong legs 2
}: 3/15 runes: decaying, silver, gossamer
a: Hop, Renounce Religion, Evoke Flight


You were on level 4 of the Realm of Zot.
You worshipped Cheibriados.
Cheibriados was exalted by your worship.
You were not hungry.

You visited 12 branches of the dungeon, and saw 53 of its levels.
You visited the Abyss 1 time.
You visited 1 bazaar.
You also visited: Trove, Sewer and Wizlab.

You collected 8474 gold pieces.
You spent 5658 gold pieces at shops.

Inventory:

Hand Weapons
 p - a +5 demon blade of freezing
 t - a +9 double sword of holy wrath (weapon)
 z - a +3 hunting sling of flaming
 M - the +10 falchion "Izetocu" {protect, rN++ Dex+4}
   (You found it on level 7 of the Dungeon)

   It protects the one who uses it against injury (+AC on strike).
   It affects your dexterity (+4).
   It greatly protects you from negative energy.
 S - the +4 long sword "Sygah" {venom, +Inv rC+++ MR+ Int-5}
   (You found it on level 8 of the Dungeon)

   It poisons the flesh of those it strikes.
   It affects your intelligence (-5).
   It renders you almost immune to cold.
   It affects your resistance to hostile enchantments.
   It lets you turn invisible.
Missiles
 H - 473 sling bullets
 P - 3 throwing nets (quivered)
Armour
 g - the +2 pair of gloves of the Monkey's Uncle (worn) {rN+ Str-3 Int+3}
   (You found it in a treasure trove)

   It affects your strength (-3).
   It affects your intelligence (+3).
   It protects you from negative energy.
 i - the +18 shield of the Gong (worn) {rElec rN+ MR+ EV-5}
   (You acquired it on level 3 of the Spider Nest)

   It affects your evasion (-5).
   It insulates you from electricity.
   It protects you from negative energy.
   It affects your resistance to hostile enchantments.
 k - the +14 plate armour of Darkness (worn) {rF+ rN++ rCorr}
   (You found it on level 5 of the Lair of Beasts)

   It protects you from fire.
   It greatly protects you from negative energy.
   It provides partial protection from all sources of acid and corrosion.
 r - the +3 hat of Pondering (worn) {ponderous, MR+ MP+10 Int+5}
   (You found it on level 3 of the Elven Halls)

   It affects your intelligence (+5).
   It affects your resistance to hostile enchantments.
   It affects your magic capacity (+10).
 A - a +2 pair of boots of flying (worn)
 I - the +4 cloak of Kaoloa (worn) {Int+2 Slay+3}
   (You found it in a wizard's laboratory)

   It affects your intelligence (+2).
   It affects your accuracy and damage with ranged weapons and melee attacks
   (+3).
Jewellery
 q - a ring of see invisible (right hand)
 u - the ring "Goibet" {MP+9 Int+5}
   (You acquired it on level 1 of the Depths)

   [ring of magical power]

   It affects your intelligence (+5).
   It affects your magic capacity (+9).
 B - an uncursed ring of poison resistance
 D - the ring "Issimn" (left hand) {Wiz Dex+4}
   (You took it off a deep elf demonologist on level 3 of the Elven Halls)

   [ring of wizardry]

   It improves your spell success rate.
   It affects your dexterity (+4).
 V - an uncursed ring of protection from fire
 Y - the brooch of Shielding (around neck) {Reflect SH+8}
   (You bought it in a shop on level 2 of the Orcish Mines)

   [amulet of reflection]

   It shields you and reflects attacks.
   It affects your SH (+8).
Wands
 j - a wand of clouds (5)
 m - a wand of acid (50)
 L - a wand of iceblast (11)
 R - a wand of digging (28)
 X - a wand of scattershot (8)
Scrolls
 d - 6 scrolls of fog
 h - 6 scrolls of magic mapping
 l - 11 scrolls of identify
 v - 35 scrolls of remove curse
 w - 13 scrolls of teleportation
 y - 7 scrolls of blinking
 J - 5 scrolls of immolation
 T - 4 scrolls of fear
 Z - 4 scrolls of amnesia
Potions
 b - 5 potions of resistance
 e - 7 potions of magic
 x - 8 potions of curing
 C - 4 potions of brilliance
 E - 6 potions of ambrosia
 G - 6 potions of agility
 N - 3 potions of cancellation
 Q - 3 potions of might
 U - 5 potions of mutation
Miscellaneous
 a - 3 boxes of beasts
 f - a phial of floods
 n - 5 phantom mirrors
 F - a lightning rod (4/4)
 K - 3 sacks of spiders
 O - a phial of floods
 W - the horn of Geryon
Comestibles
 c - 61 rations


   Skills:
 - Level 20.0 Fighting
 - Level 16.0 Long Blades
 - Level 6.0(6.2) Slings
 - Level 2.0(4.3) Throwing
 - Level 25.0 Armour
 - Level 9.0 Dodging
 - Level 1.7 Stealth
 - Level 15.0 Shields
 + Level 18.9 Spellcasting
 + Level 13.5 Conjurations
 - Level 2.0 Hexes
 - Level 2.1 Charms
 - Level 6.0 Summonings
 - Level 5.0 Translocations
 - Level 6.1 Transmutations
 - Level 13.0 Ice Magic
 - Level 18.0 Air Magic
 - Level 6.0 Earth Magic
 - Level 10.1 Invocations
 + Level 14.1 Evocations


You had 10 spell levels left.
You knew the following spells:

 Your Spells              Type           Power        Failure   Level  Hunger
a - Freeze                Ice            ####         0%          1    None
b - Conjure Ball Lightni  Conj/Air       ########..   1%          6    None
c - Throw Icicle          Conj/Ice       ########     1%          4    None
d - Summon Lightning Spi  Summ/Air       ########     1%          4    None
e - Freezing Cloud        Conj/Ice/Air   ########..   1%          6    None
f - Blink                 Tloc           N/A          1%          2    None
g - Poisonous Vapours     Pois/Air       ######       1%          2    None
h - Song of Slaying       Chrm           ######..     1%          2    None
i - Sticky Flame          Conj/Fire      #######.     1%          4    None
j - Regeneration          Chrm/Necr      ######....   1%          3    None
k - Silence               Hex/Air        #######...   1%          5    None
l - Passage of Golubria   Tloc           N/A          1%          4    None
m - Passwall              Tmut/Erth      #######.     1%          2    None
n - Chain Lightning       Conj/Air       ########..   6%          8    None

Your spell library contained the following spells:

 Spells                   Type           Power        Failure   Level  Hunger
 Magic Dart               Conj           ####         0%          1    None
 Searing Ray              Conj           ######       0%          2    None
 Throw Frost              Conj/Ice       ######       0%          2    None
 Apportation              Tloc           ######       1%          1    None
 Beastly Appendage        Tmut           ######       1%          1    None
 Confusing Touch          Hex            ######       1%          1    None
 Corona                   Hex            ######.      1%          1    None
 Flame Tongue             Conj/Fire      #####        1%          1    None
 Infusion                 Chrm           ####         1%          1    None
 Pain                     Necr           ####         1%          1    None
 Summon Butterflies       Summ           #######.     1%          1    None
 Call Imp                 Summ           #######.     1%          2    None
 Corpse Rot               Necr           N/A          1%          2    None
 Ensorcelled Hibernation  Hex/Ice        ######       1%          2    None
 Shroud of Golubria       Chrm/Tloc      ######....   1%          2    None
 Slow                     Hex            ######..     1%          2    None
 Sticks to Snakes         Tmut           #######.     1%          2    None
 Sublimation of Blood     Necr           #####.....   1%          2    None
 Swiftness                Chrm/Air       #######.     1%          2    None
 Throw Flame              Conj/Fire      ######       1%          2    None
 Confuse                  Hex            ######..     1%          3    None
 Conjure Flame            Conj/Fire      #######.     1%          3    None
 Dazzling Spray           Conj/Hex       ######       1%          3    None
 Gell's Gravitas          Tloc           #######...   1%          3    None
 Ignite Poison            Fire/Tmut/Pois ######..     1%          3    None
 Inner Flame              Hex/Fire       ######..     1%          3    None
 Lesser Beckoning         Tloc           #######...   1%          3    None
 Mephitic Cloud           Conj/Pois/Air  #######.     1%          3    None
 Ozocubu's Armour         Chrm/Ice       #######.     1%          3    None
 Portal Projectile        Hex/Tloc       ######       1%          3    None
 Recall                   Summ/Tloc      N/A          1%          3    None
 Spectral Weapon          Hex/Chrm       ######..     1%          3    None
 Spider Form              Tmut/Pois      ######....   1%          3    None
 Teleport Other           Tloc           #######.     1%          3    None
 Tukima's Dance           Hex            ######..     1%          3    None
 Force Lance              Conj/Tloc      #######.     1%          4    None
 Fulminant Prism          Conj/Hex       #######...   1%          4    None
 Ice Form                 Ice/Tmut       #######.     1%          4    None
 Iskenderun's Mystic Bla  Conj           ########     1%          4    None
 Leda's Liquefaction      Hex/Erth       ######....   1%          4    None
 Petrify                  Tmut/Erth      #######.     1%          4    None
 Summon Ice Beast         Ice/Summ       #######.     1%          4    None
 Blade Hands              Tmut           #######...   1%          5    None
 Bolt of Draining         Conj/Necr      #######...   1%          5    None
 Bolt of Magma            Conj/Fire/Erth #######...   1%          5    None
 Fireball                 Conj/Fire      #######...   1%          5    None
 Irradiate                Conj/Tmut      #######...   1%          5    None
 Iskenderun's Battlesphe  Conj/Chrm      #######.     1%          5    None
 Lee's Rapid Deconstruct  Erth           #######...   1%          5    None
 Metabolic Englaciation   Hex/Ice        #######...   1%          5    None
 Venom Bolt               Conj/Pois      #######...   1%          5    None
 Bolt of Cold             Conj/Ice       ########..   1%          6    None
 Deflect Missiles         Chrm/Air       #######...   1%          6    None
 Iron Shot                Conj/Erth      #######...   1%          6    None
 Ozocubu's Refrigeration  Ice            ########..   1%          6    None
 Orb of Destruction       Conj           ########..   1%          7    None
 Cause Fear               Hex            ######....   2%          4    None
 Yara's Violent Unravell  Hex/Tmut       ######....   3%          5    None
 Alistair's Intoxication  Tmut/Pois      ######..     4%          5    None
 Borgnjor's Vile Clutch   Necr/Erth      ######....   4%          5    None
 Animate Dead             Necr           N/A          6%          4    None
 Bolt of Fire             Conj/Fire      #######...   6%          6    None
 Poison Arrow             Conj/Pois      #######...   6%          6    None
 Simulacrum               Ice/Necr       #######...   6%          6    None
 Hydra Form               Tmut           #######...   7%          6    None
 Shadow Creatures         Summ           N/A          8%          6    None
 Statue Form              Tmut/Erth      #######..    8%          6    None
 Spellforged Servitor     Conj/Summ      #######...   9%          7    None
 Excruciating Wounds      Chrm/Necr      ######....   11%         5    None
 Dispersal                Tloc           #######...   11%         6    None
 Agony                    Necr           #####...     16%         5    None
 Dispel Undead            Necr           #####...     16%         5    None
 Tornado                  Air            ########..   32%         9    ###....
 Darkness                 Hex            ######....   34%         6    None
 Invisibility             Hex            ######..     34%         6    None
 Dragon Form              Tmut           #######...   34%         7    None
 Summon Hydra             Summ           #######...   36%         7    None
 Malign Gateway           Summ/Tloc      #######...   43%         7    None
 Lehudib's Crystal Spear  Conj/Erth      #######...   52%         8    None
 Death Channel            Necr           #####.....   61%         6    None
 Glaciate                 Conj/Ice       ########..   91%         9    ###....
 Ring of Flames           Chrm/Fire      ######....   95%         7    None
 Controlled Blink         Tloc           N/A          98%         8    None
 Disjunction              Tloc           #######...   98%         8    None
 Ignition                 Fire           #####.....   100%        8    None
 Dragon's Call            Summ           #######...   100%        9    ###....
 Fire Storm               Conj/Fire      #######...   100%        9    ###....
 Shatter                  Erth           #######...   100%        9    ###....


Dungeon Overview and Level Annotations

Branches:
Dungeon (15/15)            Temple (1/1) D:6            Lair (6/6) D:10
  Swamp (4/4) Lair:3       Spider (4/4) Lair:3        Slime (0/5) Lair:5
    Orc (2/2) D:9             Elf (3/3) Orc:2        Vaults (5/5) D:14
  Crypt (3/3) Vaults:2       Tomb (0/3) Crypt:3      Depths (5/5) D:15
   Hell (1/1)                 Dis (0/7) Hell            Geh (0/7) Hell
    Coc (0/7) Hell            Tar (0/7) Hell            Zot (4/5) Depths:5

Altars:
Ashenzari
Cheibriados
Dithmenos
Elyvilon
Gozag
Kikubaaqudgha
Makhleb
Nemelex Xobeh
Qazlal
Sif Muna
Trog
Uskayaw
Vehumet
Xom
Zin
The Shining One
Beogh
Jiyva

Shops:
D:9 [   Orc:2 *:=*   Elf:2 *   Vaults:1 *   Vaults:3 [   Vaults:4 %*[
Vaults:5 [

Portals:
Hell: Depths:1 Depths:2 Depths:3 Depths:4 Depths:5
Abyss: Depths:1 Depths:2 Depths:3 Depths:4 Depths:5
Pandemonium: Depths:3
Ziggurat: Depths:3

Annotations:
D:4 1 runed door
Lair:5 3 runed doors, Houdghis's ghost, journeyman OpNe
Vaults:4 3 runed doors, exclusion: obsidian statue, Hoeroty's ghost, adept HOFi


Innate Abilities, Weirdness & Mutations

Shadows flee at your approach. (+LOS)
You can swim through water.
You cover ground slowly.
You can hop long distances.
You are partially covered in thin metallic scales. (AC +2)
Armour fits poorly on your strangely shaped body.
Your magical capacity is low. (-10% MP)


Message History

You block the deathcap's attack. You block the golden dragon's attack.
The golden dragon claws you but does no damage.
You block the golden dragon's attack. You block the deathcap's attack.
The golden dragon bites you!!
* * * LOW HITPOINT WARNING * * *
The golden dragon claws you but does no damage.
The golden dragon tramples you.
* * * LOW HITPOINT WARNING * * *
You stumble backwards!
A moth of wrath comes into view.
Unknown command.
You feel better.
The moth of wrath's fur bristles in rage as it notices you.
You block the golden dragon's attack. x3
The curse toe gestures.
You block the golden dragon's attack. x3
The curse toe gestures.
The golden dragon bites you but does no damage.
The golden dragon claws you!
You die...

.......f.§f.##
.........fz..##
...........z..##
...........f...##
..........yf.f..##
........####.f...##
##.....# ##fff..##
##.... ##Df...#
..... #f@f..## ....
#.fff.## #....f##
#.....## #.....##
#.y...# #.%...#
.....# ....#


You could see a golden dragon (berserk), 2 curse toes, 6 deathcaps, a moth of
wrath and 11 wandering mushrooms.

Vanquished Creatures
  Khufu (Crypt:3)
  2 ancient liches
  An orb of fire (Zot:3)
  The ghost of Sar the Eclecticist, a legendary DsFE of Makhleb (Zot:2)
  Sojobo (Crypt:3)
  2 greater mummies (Crypt:3)
  A shard shrike (Zot:3)
  4 caustic shrikes
  Geryon (Hell)
  Xtahua (Vaults:2)
  Nikola (Vaults:3)
  A golden dragon (shapeshifter) (Depths:5)
  9 golden dragons
  Arachne (Spider:1)
  A profane servitor (Crypt:3)
  5 liches
  An electric golem (Zot:1)
  A shard shrike zombie (Crypt:1)
  9 tentacled monstrosities
  2 titans (Vaults:5)
  3 quicksilver dragons
  A deep elf blademaster (Elf:3)
  A death cob (Zot:2)
  4 sphinxes
  A tentacled starspawn (Abyss:5)
  An eldritch tentacle (WizLab)
  Gastronok (Lair:1)
  2 shadow dragons
  5 ancient champions
  11 storm dragons
  6 tengu reavers
  3 thorn hunters
  2 draconian monks
  12 fire giants
  3 revenants
  6 frost giants
  7 vault wardens
  2 iron dragons (Vaults:5)
  3 draconian shifters
  8 deep elf sorcerers
  6 draconian knights
  A juggernaut zombie (Hell)
  10 ghost moths
  A cacodemon (WizLab)
  2 angels (Elf:2)
  3 draconian scorchers (Zot:3)
  4 emperor scorpions
  32 very ugly things
  2 war gargoyles (Vaults:5)
  3 reapers
  A curse skull (Depths:1)
  A draconian annihilator (Zot:1)
  22 stone giants
  3 deep elf elementalists
  A ghoul (Crypt:3)
  The ghost of Oppylety the Bludgeoner, a journeyman GrFi of Okawaru (Lair:4)
  5 entropy weavers
  13 ironheart preservers
  6 deep elf annihilators
  The ghost of Ciral the Bludgeoner, a journeyman GrBe of Trog (D:14)
  5 vampire knights
  13 deep elf demonologists
  7 red draconians
  9 white draconians
  10 spark wasps
  9 yellow draconians
  6 green draconians
  A minotaur (Lair:4)
  A black draconian (Zot:1)
  7 purple draconians
  12 ettins
  2 eidola
  13 deep elf death magi
  2 blizzard demons (Hell)
  19 jiangshi
  6 fire dragons
  8 great orbs of eyes
  26 vault guards
  9 ogre magi
  5 deep elf high priests
  9 yaktaur captains
  29 hydras
  4 rakshasas
  2 spriggan air magi
  A great orb of eyes (shapeshifter) (Elf:2)
  A hell beast (Depths:1)
  A ghost crab (Swamp:1)
  2 shambling mangroves (Swamp:4)
  12 ice dragons
  2 merfolk avatars (Swamp:2)
  6 alligators
  8 death knights
  2 tengu warriors
  3 centaur warriors
  30 two-headed ogres
  A death yak (shapeshifter) (Vaults:4)
  6 deep troll earth magi
  5 vampire magi
  28 dancing weapons
  15 deep troll shamans
  11 hell hogs
  3 thrashing horrors
  2 orc high priests
  6 spriggan berserkers
  9 death yaks
  19 deep elf knights
  25 hell knights
  4 soul eaters
  4 iron trolls
  6 shadow wraiths
  4 sixfirhies
  4 sun demons
  A spark wasp zombie (Hell)
  A fire crab (Lair:4)
  21 skeletal warriors
  A fire crab (shapeshifter) (Vaults:5)
  6 glowing orange brains
  7 flayed ghosts
  A sea snake (shapeshifter) (Vaults:3)
  4 unseen horrors
  A ghost moth zombie (Crypt:2)
  A death drake (Abyss:5)
  2 large abominations
  32 deep trolls
  9 swamp dragons
  A starcursed mass (Abyss:4)
  An anaconda zombie (Hell)
  4 spriggan druids
  11 ironbrand convokers
  6 harpies
  5 wizards
  2 lindwurms (Lair:6)
  11 deep elf archers
  45 deep elf magi
  16 necromancers
  An obsidian statue (WizLab)
  A wolf spider zombie (Crypt:2)
  11 phantasmal warriors
  27 wolf spiders
  19 orc knights
  2 stone giant zombies
  13 orb spiders
  A cyclops (shapeshifter) (D:15)
  43 ugly things
  3 cyclopes
  3 orc sorcerers
  A tengu skeleton (Depths:4)
  A manticore (D:15)
  A faun (shapeshifter) (Depths:1)
  A manticore (shapeshifter) (Depths:3)
  13 moths of wrath
  3 worldbinders (WizLab)
  2 fire giant zombies
  3 elephants (Lair:2)
  A salamander (Depths:4)
  A centaur zombie (D:15)
  10 vault sentinels
  A rust devil (Hell)
  3 smoke demons
  An elephant (shapeshifter) (D:14)
  Maurice (D:13)
  3 centaur skeletons
  4 black mambas
  A fire giant skeleton (WizLab)
  5 molten gargoyles
  2 torpor snails
  4 gargoyles
  A guardian serpent (WizLab)
  7 spiny frogs
  3 storm dragon simulacra
  2 ice statues (Hell)
  5 spectral swamp worms
  An orange demon (WizLab)
  2 efreet
  A green draconian zombie (Crypt:2)
  A hellion (Hell)
  2 spark wasp simulacra (Depths:4)
  A kobold demonologist (Depths:5)
  2 rime drakes
  2 ice devils (Depths:1)
  2 komodo dragons (shapeshifter)
  6 komodo dragons
  10 freezing wraiths
  20 yaktaurs
  A troll (shapeshifter) (D:15)
  17 demonic crawlers
  3 hydra zombies (Hell)
  A golden dragon simulacrum (Depths:4)
  A jumping spider (shapeshifter) (D:15)
  5 red devils
  2 tengu conjurers
  9 trolls
  31 jumping spiders
  A wolf spider simulacrum (Vaults:1)
  18 hornets
  51 slime creatures
  Grinder (D:4)
  8 tyrant leeches
  A hornet (shapeshifter) (Vaults:4)
  2 ettin zombies
  3 polar bears (Lair:6)
  2 hydra skeletons
  A spriggan zombie (Hell)
  4 raiju (Abyss:5)
  11 bog bodies
  22 blink frogs
  A fire dragon zombie (Hell)
  11 hippogriffs
  3 ice dragon zombies
  A meliai zombie (D:13)
  2 alligator zombies (Hell)
  A spriggan (shapeshifter) (D:15)
  Sigmund (D:6)
  2 deep troll zombies (Hell)
  2 air elementals
  A centaur simulacrum (D:15)
  47 flying skulls
  8 shadows
  60 redbacks
  11 wraiths
  A fire dragon skeleton (Crypt:1)
  10 spriggans
  6 water elementals
  A dire elephant simulacrum (Crypt:3)
  6 ynoxinuls
  35 yaks
  46 tarantellas
  An ettin skeleton (Vaults:5)
  2 chaos spawn
  The ghost of Shaidar the Cudgeler, an amateur MiBe of Trog (D:4)
  4 wyverns
  3 vampires
  Eustachio (Temple)
  A hog (shapeshifter) (Vaults:5)
  A neqoxec (Abyss:5)
  9 basilisks
  2 hungry ghosts
  8 fire elementals
  A steam dragon (Lair:6)
  A catoblepas simulacrum (Crypt:3)
  13 wargs
  25 vampire mosquitoes
  Edmund (D:4)
  23 insubstantial wisps
  A warg (shapeshifter) (Vaults:2)
  A soldier ant (D:13)
  15 swamp worms
  A spiny frog zombie (Hell)
  2 acid dragons
  3 hydra simulacra
  4 hell hounds
  6 porcupines
  13 swamp drakes
  5 ice beasts
  11 water moccasins
  A sky beast (D:13)
  A spiny frog skeleton (Hell)
  59 orc warriors
  An elf zombie (Vaults:5)
  3 eyes of draining
  An ice beast (shapeshifter) (Depths:2)
  2 necrophages
  5 boggarts
  22 ogres
  A boggart (shapeshifter) (D:15)
  12 centaurs
  4 wolves (D:10)
  A dream sheep skeleton (Crypt:1)
  8 crocodiles
  2 big kobolds (Depths:5)
  A yaktaur zombie (Vaults:1)
  12 bullfrogs
  2 earth elementals (Elf:1)
  A wyvern zombie (D:6)
  A yaktaur skeleton (WizLab)
  A water moccasin skeleton (D:10)
  A scorpion (D:6)
  11 killer bees
  3 wights (D:11)
  4 electric eels
  12 crimson imps
  A bullfrog zombie (D:6)
  8 jellies
  A quasit (D:10)
  4 lava snakes (Lair:6)
  4 iron imps
  14 hounds
  12 orc priests
  2 bullfrog skeletons
  A basilisk skeleton (Crypt:1)
  A black bear skeleton (Crypt:1)
  7 iguanas
  25 orc wizards
  11 worker ants
  Terence (D:2)
  A sky beast zombie (Crypt:2)
  A dwarf skeleton (Crypt:1)
  A hound skeleton (D:9)
  A mummy (Crypt:3)
  A worker ant zombie (D:9)
  Robin (D:2)
  7 gnolls
  13 adders
  A river rat (D:3)
  A steam dragon skeleton (Crypt:1)
  3 shadow imps
  4 white imps
  2 ufetubi (Depths:3)
  2 worms (D:2)
  A dart slug (D:1)
  5 leopard geckos
  131 orcs
  8 bats
  4 giant cockroaches
  8 hobgoblins
  11 jackals
  8 quokkas
  2 ball pythons
  A dart slug zombie (Crypt:2)
  2 frilled lizards (D:1)
  11 goblins
  A hobgoblin zombie (Crypt:1)
  10 kobolds
  A kobold skeleton (Crypt:2)
  A leopard gecko zombie (Crypt:2)
  A quokka skeleton (D:6)
  8 rats
  A river rat skeleton (Crypt:2)
  2 crawling corpses (Crypt:1)
  2 starspawn tentacles (Abyss:5)
2255 creatures vanquished.

Vanquished Creatures (collateral kills)
  A juggernaut (Depths:5)
  2 caustic shrikes (Depths:4)
  A bone dragon (Crypt:3)
  2 deep elf blademasters
  2 death cobs
  A tentacled starspawn (Abyss:5)
  An ancient champion (Crypt:1)
  Kirke (Elf:1)
  A shadow dragon (Depths:5)
  A revenant (Crypt:3)
  A frost giant (Vaults:5)
  2 emperor scorpions
  A deep elf elementalist (Elf:3)
  5 very ugly things
  A ghoul (Crypt:1)
  A stone giant (Vaults:3)
  A deep elf demonologist (Vaults:2)
  3 entropy weavers
  A deep elf annihilator (Vaults:2)
  A vampire knight (Crypt:3)
  A spectral titan (D:14)
  An ettin (Depths:2)
  5 jiangshi
  A great orb of eyes (Depths:2)
  A rakshasa (Vaults:3)
  A vault guard (Vaults:4)
  3 ogre magi
  An ice dragon (Vaults:2)
  A centaur warrior (Vaults:3)
  2 two-headed ogres
  A deep troll earth mage (Depths:3)
  An orc high priest (Elf:1)
  A thrashing horror (WizLab)
  A hell hog (Abyss:5)
  3 deep elf knights
  A hell knight (Crypt:3)
  4 iron trolls
  9 skeletal warriors
  4 deep trolls
  A starcursed mass (Abyss:4)
  3 deep elf archers (Elf:1)
  3 phantasmal warriors
  A necromancer (Depths:4)
  An anaconda skeleton (WizLab)
  5 ugly things
  3 orb spiders
  2 wolf spiders (Spider:3)
  A moth of wrath (Zot:2)
  13 deep elf magi
  A worldbinder (WizLab)
  2 large abominations
  4 small abominations
  A vault sentinel (Vaults:3)
  6 yaktaurs
  An efreet (Abyss:4)
  2 freezing wraiths
  4 demonic crawlers
  5 jumping spiders
  A hornet (Spider:3)
  3 slime creatures
  2 blink frogs (WizLab)
  A flying skull (Crypt:3)
  4 redbacks (Spider:3)
  A shadow (Crypt:3)
  5 tarantellas
  7 hogs (Elf:1)
  A wraith (Crypt:1)
  A chaos spawn (Abyss:5)
  A spatial vortex (WizLab)
  A naga (shapeshifter) (Vaults:4)
  2 wargs
  5 ogres
  2 orc warriors
  3 necrophages (Crypt:3)
  2 centaurs (Vaults:2)
  A draconian skeleton (Crypt:1)
  A warg zombie (Crypt:2)
  A crimson imp (Spider:2)
  An orc priest (Vaults:3)
  2 orc wizards (Vaults:4)
  2 orcs
  A fungus (Elf:1)
182 creatures vanquished.

Vanquished Creatures (others)
  2 deep elf master archers (Elf:3)
  A storm dragon (Depths:3)
  A draconian scorcher (Zot:1)
  A vault warden (Vaults:2)
  3 stone giants
  A very ugly thing (Depths:3)
  A spark wasp (Depths:5)
  A deep elf high priest (Elf:3)
  11 yaktaur captains
  2 ice dragons
  A death knight (Vaults:4)
  3 centaur warriors
  A two-headed ogre (Vaults:2)
  3 deep elf knights
  2 hell knights
  6 deep elf archers
  195 ball lightnings
  2 deep elf magi
  2 salamanders (Depths:2)
  30 yaktaurs
  A swamp worm (Swamp:1)
  2 orc warriors
  A centaur (Vaults:2)
  An iguana (Lair:3)
  A white imp (Depths:3)
  An adder zombie (D:9)
  5 orcs
  8 bushes (D:9)
  A plant (Lair:5)
  6 starspawn tentacles (Abyss:5)
296 creatures vanquished.

Grand Total: 2733 creatures vanquished

Notes
Turn   | Place    | Note
-------+----------+-------------------------------------------
     0 | D:1      | LLavrengius the Barachi Ice Elementalist began the quest
                  | for the Orb.
     0 | D:1      | Reached XP level 1. HP: 13/13 MP: 3/3
   422 | D:1      | Reached XP level 2. HP: 20/20 MP: 3/5
   596 | D:1      | Reached skill level 1 in Fighting
  1086 | D:1      | Reached XP level 3. HP: 26/26 MP: 6/6
  1603 | D:2      | Noticed Robin
  1928 | D:2      | Killed Robin
  1928 | D:2      | Reached XP level 4. HP: 22/34 MP: 0/7
  2105 | D:2      | Noticed Terence
  2119 | D:2      | Killed Terence
  2532 | D:3      | Found a faded altar of an unknown god.
  2829 | D:3      | Found a glowing drain.
  2838 | D:3      | Reached skill level 5 in Ice Magic
  2838 | D:3      | Reached XP level 5. HP: 41/41 MP: 5/8
  2865 | Sewer    | Entered a sewer
  2870 | Sewer    | Learned a level 3 spell: Ozocubu's Armour
  2991 | Sewer    | Noticed a crocodile
  3001 | Sewer    | Killed a crocodile
  3001 | Sewer    | Reached skill level 1 in Slings
  3202 | D:4      | Reached XP level 6. HP: 48/48 MP: 10/10
  3215 | D:4      | Found a runed door.
  3231 | D:4      | Noticed Shaidar's ghost (amateur MiBe)
  3261 | D:4      | Noticed Edmund
  3273 | D:4      | Killed Edmund
  3302 | D:4      | Reached XP level 7. HP: 32/55 MP: 3/12
  3422 | D:4      | Reached skill level 1 in Charms
  3515 | D:4      | Found a runed door.
  3830 | D:4      | Noticed Grinder
  3854 | D:4      | Killed Grinder
  3854 | D:4      | Reached skill level 5 in Fighting
  4071 | D:5      | Entered Level 5 of the Dungeon
  4104 | D:5      | Reached XP level 8. HP: 43/63 MP: 8/14
  4963 | D:6      | Reached skill level 5 in Slings
  5030 | D:6      | Found a stormy altar of Qazlal.
  5066 | D:6      | Noticed a troll
  5074 | D:6      | Killed a troll
  5121 | D:6      | Learned a level 4 spell: Throw Icicle
  5293 | D:6      | Noticed Sigmund
  5300 | D:6      | Killed Sigmund
  5300 | D:6      | Reached XP level 9. HP: 67/74 MP: 15/15
  5315 | D:6      | Found a staircase to the Ecumenical Temple.
  6002 | D:6      | Noticed Eustachio
  6027 | Temple   | Entered the Ecumenical Temple
  6044 | Temple   | Became a worshipper of Cheibriados the Contemplative
  6102 | Temple   | Killed Eustachio
  6102 | Temple   | Reached skill level 1 in Throwing
  6641 | D:7      | Identified the +10 falchion "Izetocu" {protect, rN++ Dex+4}
                  | (You found it on level 7 of the Dungeon)
  6774 | D:7      | Reached skill level 1 in Long Blades
  7018 | D:7      | Found a hide-covered altar of Uskayaw.
  7027 | D:7      | Reached * piety under Cheibriados
  7238 | D:7      | Found a shadowy altar of Dithmenos.
  7614 | D:8      | Reached skill level 5 in Dodging
  7614 | D:8      | Reached XP level 10. HP: 69/85 MP: 5/16
  7709 | D:8      | Reached ** piety under Cheibriados
  7728 | D:8      | Found a white marble altar of Elyvilon.
  7875 | D:8      | Reached skill level 10 in Fighting
  7980 | D:8      | Identified the +4 long sword "Sygah" {venom, +Inv rC+++ MR+
                  | Int-5} (You found it on level 8 of the Dungeon)
  8291 | D:8      | Reached skill level 1 in Evocations
  9147 | D:9      | Reached *** piety under Cheibriados
  9153 | D:9      | Noticed a four-headed hydra
  9166 | D:8      | Killed a four-headed hydra
  9166 | D:8      | Reached skill level 5 in Long Blades
  9464 | D:9      | Found Worastregg's Antique Armour Boutique.
  9474 | D:9      | Noticed a deep elf mage
  9486 | D:9      | Killed a deep elf mage
  9804 | D:9      | Reached skill level 1 in Shields
 10032 | D:9      | Noticed a two-headed ogre
 10034 | D:9      | Noticed a purple ugly thing
 10037 | D:9      | Found a staircase to the Orcish Mines.
 10423 | D:9      | Found a faded altar of an unknown god.
 10423 | D:9      | Found a faded altar of an unknown god.
 10433 | D:9      | Reached XP level 11. HP: 87/93 MP: 9/17
 10450 | D:9      | Found a deep blue altar of Sif Muna.
 10453 | D:9      | Found a glowing silver altar of Zin.
 10454 | D:9      | Found a sparkling altar of Nemelex Xobeh.
 10593 | D:10     | Entered Level 10 of the Dungeon
 10602 | D:10     | Noticed a two-headed ogre
 10609 | D:10     | Killed a two-headed ogre
 10609 | D:10     | Reached **** piety under Cheibriados
 10697 | D:10     | HP: 2/93 [orc warrior/+0 flail (20)]
 10704 | D:10     | HP: 1/93 [acid (4)]
 10956 | D:10     | Noticed a two-headed ogre
 10976 | D:10     | Killed a two-headed ogre
 10976 | D:10     | Reached skill level 5 in Evocations
 11219 | D:10     | Noticed a red ugly thing
 11231 | D:10     | Killed a red ugly thing
 11345 | D:10     | Reached skill level 1 in Invocations
 11389 | D:10     | Found a staircase to the Lair.
 11906 | D:10     | Noticed a two-headed ogre
 11925 | D:10     | Killed a two-headed ogre
 12076 | D:10     | Identified the cursed +0 halberd of Indomitability {speed,
                  | rN+}
 12122 | D:10     | Reached ***** piety under Cheibriados
 12459 | D:10     | Learned a level 6 spell: Statue Form
 12694 | D:9      | Reached skill level 1 in Transmutations
 12748 | D:9      | Killed a two-headed ogre
 12748 | D:9      | Reached skill level 1 in Earth Magic
 12825 | D:9      | Noticed a harpy
 12831 | D:9      | Killed a harpy
 12858 | D:9      | Noticed an ogre mage
 12858 | D:9      | Noticed a cyan very ugly thing
 12869 | D:9      | Killed an ogre mage
 12869 | D:9      | Reached XP level 12. HP: 99/102 MP: 14/18
 13265 | D:9      | Noticed an eight-headed hydra
 13386 | D:11     | You fall through a shaft for 3 floors!
 13585 | D:14     | Noticed a two-headed ogre
 13597 | D:14     | Killed a two-headed ogre
 13603 | D:14     | Reached skill level 5 in Transmutations
 13738 | D:14     | Found a gate to the Vaults.
 13763 | D:14     | Noticed a two-headed ogre
 13781 | D:14     | Killed a two-headed ogre
 13826 | D:13     | Noticed a centaur warrior
 13835 | D:13     | Killed a centaur warrior
 13847 | D:13     | Noticed Maurice
 13847 | D:13     | Noticed a six-headed hydra
 13945 | D:12     | Noticed a four-headed hydra
 13960 | D:12     | Killed a five-headed hydra
 14170 | D:12     | Reached skill level 10 in Long Blades
 14190 | D:12     | Reached skill level 5 in Invocations
 14515 | D:12     | Reached ****** piety under Cheibriados
 15292 | D:11     | Noticed a two-headed ogre
 15299 | D:11     | Killed a two-headed ogre
 15299 | D:11     | Gained mutation: You can hop long distances. [Barachi
                  | growth]
 15299 | D:11     | Reached XP level 13. HP: 108/108 MP: 15/19
 15943 | Orc:1    | Entered Level 1 of the Orcish Mines
 16526 | Orc:1    | Learned a level 6 spell: Freezing Cloud
 16731 | Orc:1    | Reached skill level 1 in Air Magic
 17056 | Orc:2    | Entered Level 2 of the Orcish Mines
 17063 | Orc:2    | Noticed an ettin
 17089 | Orc:2    | Killed an ettin
 17205 | Orc:2    | Found a staircase to the Elven Halls.
 17394 | Orc:2    | Found Niepsuxi's Book Shop.
 17394 | Orc:2    | Found Teongo's Assorted Antiques.
 17421 | Orc:2    | Reached skill level 5 in Conjurations
 17533 | Orc:2    | Found a roughly hewn altar of Beogh.
 17613 | Orc:2    | Found Taapafas's Jewellery Emporium.
 17613 | Orc:2    | Found Kulenax's Assorted Antiques.
 17754 | Orc:2    | Noticed a stone giant
 18469 | Orc:2    | Killed a stone giant
 18914 | Lair:1   | Entered Level 1 of the Lair of Beasts
 18931 | Lair:1   | Reached XP level 14. HP: 106/115 MP: 15/20
 18972 | Lair:1   | Noticed Gastronok
 18994 | Lair:1   | Killed Gastronok
 19792 | Lair:2   | Reached skill level 5 in Air Magic
 20602 | Orc:2    | Bought the brooch of Shielding {Reflect SH+8} for 1488 gold
                  | pieces
 20602 | Orc:2    | Found the brooch of Shielding {Reflect SH+8}
 21440 | Lair:3   | Found a hole to the Spider Nest.
 21709 | Lair:3   | Found a staircase to the Swamp.
 22091 | Lair:4   | Found a runed gate.
 22091 | Lair:4   | Found a runed gate.
 22179 | Lair:4   | Found a runed gate.
 22725 | Lair:4   | Noticed Oppylety's ghost (journeyman GrFi)
 23208 | Lair:5   | Found a viscous altar of Jiyva.
 23210 | Lair:5   | Found a staircase to the Slime Pits.
 23311 | Lair:5   | Found a runed gate.
 23311 | Lair:5   | Found a runed gate.
 23311 | Lair:5   | Found a runed gate.
 23314 | Lair:5   | Noticed Houdghis's ghost (journeyman OpNe)
 23551 | Lair:5   | Identified the +14 plate armour of Darkness {rF+ rN++
                  | rCorr} (You found it on level 5 of the Lair of Beasts)
 23635 | Lair:5   | Reached skill level 10 in Ice Magic
 23971 | Lair:6   | Entered Level 6 of the Lair of Beasts
 24005 | Lair:6   | Reached skill level 1 in Armour
 24233 | Lair:6   | Reached skill level 2 in Armour
 24273 | Lair:6   | Reached XP level 15. HP: 114/120 MP: 21/21
 24437 | Lair:6   | Reached skill level 3 in Armour
 24712 | Lair:6   | Reached skill level 4 in Armour
 24756 | Lair:6   | Found a large runed door.
 24756 | Lair:6   | Found a large runed door.
 25459 | Lair:6   | Upgraded the game from 0.23-a0-558-g30802b1d75 to
                  | 0.23-a0-563-g409694ba0a
 25507 | Swamp:1  | Entered Level 1 of the Swamp
 25964 | Swamp:1  | Reached skill level 5 in Armour
 26292 | Lair:6   | Identified the cursed +0 falchion "Qoulluest" {freeze,
                  | Int+4 Dex+2} (You found it on level 6 of the Lair of
                  | Beasts)
 26852 | Swamp:2  | Noticed a thorn hunter
 26865 | Swamp:2  | Killed a thorn hunter
 27237 | Swamp:2  | You fall through a shaft!
 27360 | Swamp:4  | Entered Level 4 of the Swamp
 27380 | Swamp:3  | Noticed a thorn hunter
 27390 | Swamp:3  | Killed a thorn hunter
 27403 | Swamp:3  | Reached skill level 6 in Armour
 29021 | Swamp:2  | Reached skill level 7 in Armour
 29263 | Swamp:3  | Reached XP level 16. HP: 130/130 MP: 22/22
 30786 | Swamp:4  | Reached skill level 8 in Armour
 33731 | Swamp:4  | Noticed a thorn hunter
 33737 | Swamp:4  | Killed a thorn hunter
 34145 | Swamp:4  | Reached skill level 9 in Armour
 34375 | Swamp:4  | Got a decaying rune of Zot
 35244 | D:13     | Killed Maurice
 36197 | D:14     | Noticed Ciral's ghost (journeyman GrBe)
 36199 | D:14     | Found a transporter.
 36201 | D:14     | Found a transporter.
 36205 | D:14     | Reached XP level 17. HP: 138/139 MP: 24/24
 37291 | D:15     | Entered Level 15 of the Dungeon
 38381 | D:15     | Found a staircase to the Depths.
 38580 | D:15     | Reached skill level 10 in Armour
 38684 | D:15     | Learned a level 4 spell: Summon Lightning Spire
 38722 | Vaults:1 | Entered Level 1 of the Vaults
 38737 | Vaults:1 | Found Xienets's Assorted Antiques.
 39125 | Vaults:1 | Reached skill level 10 in Evocations
 39141 | Vaults:1 | Reached skill level 1 in Summonings
 40000 | Vaults:1 | Reached skill level 10 in Air Magic
 40780 | Vaults:2 | Reached skill level 15 in Fighting
 41124 | Vaults:2 | Reached skill level 11 in Armour
 41161 | Vaults:2 | Reached skill level 5 in Summonings
 41734 | Vaults:2 | Noticed Xtahua
 42115 | Vaults:2 | Paralysed by Xtahua for 5 turns
 42121 | Vaults:2 | Killed Xtahua
 42121 | Vaults:2 | Reached XP level 18. HP: 100/151 MP: 1/25
 42477 | Elf:1    | Entered Level 1 of the Elven Halls
 42488 | Elf:1    | Reached skill level 12 in Armour
 42591 | Elf:1    | Noticed Kirke
 42612 | Elf:1    | Killed Kirke
 42770 | Elf:1    | Reached skill level 5 in Spellcasting
 43322 | Elf:1    | Identified Ateimol's Guide on Summoning
 43638 | Elf:2    | Found a glowing silver altar of Zin.
 43639 | Elf:2    | Found a ruined gateway.
 43640 | Elf:2    | Found a glowing golden altar of the Shining One.
 43647 | Elf:2    | Found a magical portal.
 43651 | Elf:2    | Found Puoph's General Store.
 43739 | WizLab   | Entered The Roulette of Golubria
 43739 | WizLab   | Found a transporter.
 43742 | WizLab   | Found a corrupted altar of Lugonu.
 43762 | WizLab   | Found a transporter.
 43766 | WizLab   | Found a transporter.
 43824 | WizLab   | Found a transporter.
 43830 | WizLab   | Found a transporter.
 43856 | WizLab   | Found a transporter.
 43930 | WizLab   | Found a transporter.
 43945 | WizLab   | Found a transporter.
 43978 | WizLab   | Found a transporter.
 43996 | WizLab   | Found a transporter.
 44048 | WizLab   | Found a transporter.
 44057 | WizLab   | Found a corrupted altar of Lugonu.
 44099 | WizLab   | Found a transporter.
 44622 | WizLab   | Found a transporter.
 44625 | WizLab   | Identified the +4 cloak of Kaoloa {Int+2 Slay+3} (You found
                  | it in a wizard's laboratory)
 44642 | WizLab   | Got a crude cloak
 44674 | WizLab   | Identified the +0 cloak "Taarhye" {rPois Int+5} (You found
                  | it in a wizard's laboratory)
 44761 | WizLab   | Found a transporter.
 44777 | WizLab   | Identified Golubria's Volume of Dislocation
 44824 | WizLab   | Found a transporter.
 44824 | WizLab   | Found a transporter.
 44858 | WizLab   | Found a transporter.
 44878 | WizLab   | Found a transporter.
 45138 | WizLab   | Found a transporter.
 45138 | WizLab   | Found a transporter.
 45188 | Elf:2    | Found a white marble altar of Elyvilon.
 45518 | Elf:2    | Cast into level 4 of the Abyss (+0 glaive of distortion)
 45583 | Abyss:4  | Found a snail-covered altar of Cheibriados.
 45637 | Abyss:5  | Entered Level 5 of the Abyss
 45684 | Abyss:5  | Reached skill level 13 in Armour
 45729 | Abyss:5  | Gained mutation: Armour fits poorly on your strangely
                  | shaped body. [a neqoxec]
 45731 | Abyss:5  | Gained mutation: You are partially covered in thin metallic
                  | scales. (AC +2) [a neqoxec]
 45736 | Abyss:5  | Reached XP level 19. HP: 89/159 MP: 25/31
 45738 | Elf:2    | Escaped the Abyss
 46571 | Elf:2    | Found a huge runed gate.
 46571 | Elf:2    | Found a huge runed gate.
 46572 | Elf:2    | Found a huge runed gate.
 46573 | Elf:2    | Found a huge runed gate.
 46574 | Elf:2    | Found a huge runed gate.
 46856 | Elf:1    | Reached skill level 10 in Invocations
 47581 | Spider:1 | Entered Level 1 of the Spider Nest
 47702 | Spider:1 | Reached skill level 10 in Conjurations
 47710 | Spider:1 | Learned a level 2 spell: Blink
 47823 | Spider:1 | Reached skill level 1 in Translocations
 49001 | Spider:2 | Noticed Arachne
 49018 | Spider:1 | Killed Arachne
 49083 | Spider:2 | Reached skill level 10 in Spellcasting
 49782 | Spider:3 | Identified 2 scrolls of acquirement
 49783 | Spider:3 | Found the +18 shield of the Gong {rElec rN+ MR+ EV-5}
 49965 | Spider:3 | Reached skill level 14 in Armour
 50152 | Spider:3 | Reached skill level 5 in Shields
 51018 | Spider:4 | Entered Level 4 of the Spider Nest
 51239 | Spider:4 | Reached XP level 20. HP: 155/169 MP: 28/34
 53217 | Spider:4 | Reached skill level 10 in Shields
 53503 | Spider:4 | Got a gossamer rune of Zot
 53856 | D:14     | Killed Ciral's ghost
 55042 | Vaults:2 | Found a staircase to the Crypt.
 55181 | Vaults:2 | Learned a level 2 spell: Poisonous Vapours
 55184 | Vaults:2 | Learned a level 2 spell: Song of Slaying
 55611 | Vaults:3 | Reached XP level 21. HP: 177/177 MP: 34/37
 55759 | Vaults:3 | Noticed Nikola
 56090 | Vaults:3 | Killed Nikola
 56107 | Vaults:3 | Identified the cursed +0 robe of Royalty {rPois rF++}
 56369 | Vaults:3 | Found Pekloh's Armour Shoppe.
 56392 | Vaults:3 | Bought a +1 pair of boots of flying for 214 gold pieces
 56402 | Vaults:3 | Learned a level 4 spell: Sticky Flame
 56406 | Vaults:3 | Learned a level 3 spell: Regeneration
 57281 | Vaults:4 | Found Caet's Armour Shop.
 57590 | Vaults:4 | Found a runed gate.
 57590 | Vaults:4 | Found a runed gate.
 57590 | Vaults:4 | Found an opulent altar of Gozag.
 57591 | Vaults:4 | Noticed Hoeroty's ghost (adept HOFi)
 57592 | Vaults:4 | Found a runed gate.
 57595 | Vaults:4 | Found Ogestrul's Assorted Antiques.
 57993 | Vaults:4 | Found Sataateo's Food Boutique.
 58394 | Crypt:1  | Entered Level 1 of the Crypt
 58444 | Crypt:1  | Reached skill level 15 in Shields
 59110 | Crypt:1  | Reached XP level 22. HP: 185/185 MP: 40/40
 59362 | Crypt:2  | Reached skill level 15 in Spellcasting
 60111 | Crypt:1  | Learned a level 6 spell: Conjure Ball Lightning
 60893 | Crypt:3  | Entered Level 3 of the Crypt
 60896 | Crypt:3  | Noticed Sojobo
 61297 | Crypt:3  | Identified the ring of Cuodd {EV+2 Int-3 Dex+4}
 61488 | Crypt:3  | Noticed a profane servitor
 61517 | Crypt:3  | Killed a profane servitor
 61681 | Crypt:3  | Found a staircase to the Tomb.
 61690 | Crypt:3  | Noticed an ancient lich
 61724 | Crypt:3  | Killed an ancient lich
 61986 | Crypt:3  | Noticed Khufu
 61992 | Crypt:3  | Noticed a greater mummy
 62008 | Crypt:3  | Noticed a greater mummy
 62014 | Crypt:3  | Killed Khufu
 62120 | Crypt:3  | Learned a level 5 spell: Silence
 62224 | Crypt:3  | Killed Sojobo
 63230 | Crypt:3  | Found an ancient bone altar of Kikubaaqudgha.
 63562 | Crypt:3  | Learned a level 4 spell: Passage of Golubria
 63751 | Crypt:3  | Killed a greater mummy
 63751 | Crypt:3  | Reached XP level 23. HP: 92/196 MP: 42/42
 64113 | Crypt:3  | Killed a greater mummy
 64957 | Vaults:5 | Entered Level 5 of the Vaults
 65412 | D:4      | Killed Shaidar's ghost
 65638 | Orc:2    | Bought a book of Burglary for 1050 gold pieces
 65638 | Orc:2    | Bought a book of Annihilations for 1545 gold pieces
 65647 | Orc:2    | Bought a scroll of teleportation for 84 gold pieces
 65689 | Orc:2    | Learned a level 2 spell: Passwall
 65996 | Elf:3    | Entered Level 3 of the Elven Halls
 66089 | Elf:3    | Reached skill level 1 in Hexes
 66411 | Elf:3    | Found a gateway to a bazaar.
 66820 | Elf:3    | Reached skill level 5 in Translocations
 66854 | Elf:3    | Identified the +3 scale mail of the Nightingale {MR+}
 66885 | Elf:3    | Identified a ring of the Octopus King {rCorr AC+1 EV+1
                  | Str+1 Int+1 Dex+1}
 67024 | Elf:3    | Identified the cursed +3 morningstar "Uronunuu" {drain,
                  | +Blink Str+3}
 67024 | Elf:3    | Identified the +1 robe of Qysohupn {rN++ MR- Int+9}
 67089 | Elf:3    | Identified the ring "Issimn" {Wiz Dex+4}
 67095 | Elf:3    | Reached skill level 15 in Armour
 67258 | Elf:3    | Identified the +4 glaive "Cyiluose" {flame, +Inv rN+++
                  | Int-4 Dex+3}
 67452 | Elf:3    | Found the +3 hat of Pondering {ponderous, MR+ MP+10 Int+5}
 67464 | Elf:3    | Identified the Disquisition on Evil Cold
 67483 | Elf:3    | Identified the +4 arbalest of Guprecu {velocity, rPois rF+}
                  | (You found it on level 3 of the Elven Halls)
 68262 | Bazaar   | Entered a bazaar
 68262 | Bazaar   | Found Kamma's Antique Armour Shop.
 68262 | Bazaar   | Found Haggoleg's Antique Weapon Shop.
 68279 | Bazaar   | Found Kaisaqur's Jewellery Emporium.
 68295 | Bazaar   | Found Dihete Mecue's General Store.
 68306 | Bazaar   | Found Sukeimn's Distillery.
 68366 | Bazaar   | Bought a jewelled helmet for 180 gold pieces
 68366 | Bazaar   | Bought a plate armour for 437 gold pieces
 68366 | Bazaar   | Identified the +1 helmet "Odghimix" {rF- rC+ MR+ Int+3}
                  | (You bought it in a shop in a bazaar)
 68390 | Bazaar   | Bought a pair of transparent boots for 180 gold pieces
 68390 | Bazaar   | Identified the +1 pair of boots of Impatience {+Inv} (You
                  | bought it in a shop in a bazaar)
 68416 | Bazaar   | Bought a potion of mutation for 96 gold pieces
 68416 | Bazaar   | Bought a potion of magic for 96 gold pieces
 68416 | Bazaar   | Bought a potion of heal wounds for 60 gold pieces
 68416 | Bazaar   | Bought a potion of magic for 96 gold pieces
 68416 | Bazaar   | Bought a potion of heal wounds for 60 gold pieces
 68455 | Bazaar   | Bought a potion of curing for 36 gold pieces
 68455 | Bazaar   | Bought a potion of curing for 36 gold pieces
 68909 | Depths:1 | Entered Level 1 of the Depths
 68929 | Depths:1 | Found a gateway to Hell.
 68970 | Depths:1 | Reached skill level 16 in Armour
 68970 | Depths:1 | Reached skill level 15 in Air Magic
 69463 | Depths:1 | Found a portal to a secret trove of treasure.
 69557 | Depths:1 | Found a shattered altar of Ashenzari.
 69622 | Depths:1 | Reached XP level 24. HP: 191/204 MP: 42/42
 69919 | Depths:1 | Found a one-way gate to the infinite horrors of the Abyss.
 70140 | Depths:2 | Reached skill level 17 in Armour
 70422 | Depths:2 | Noticed a caustic shrike
 70434 | Depths:2 | Killed a caustic shrike
 71365 | Depths:3 | Reached skill level 18 in Armour
 72689 | Depths:1 | You paid a toll of +3 storm dragon scales to enter a
                  | treasure trove
 72690 | Trove    | Entered a treasure trove
 72822 | Trove    | Identified the Papyrus of Displaced Black Rites
 72831 | Trove    | Identified the +7 plate armour "Qeamem" {Dex+3} (You found
                  | it in a treasure trove)
 72914 | Trove    | Identified the +2 pair of gloves of the Monkey's Uncle {rN+
                  | Str-3 Int+3} (You found it in a treasure trove)
 72930 | Trove    | Got a transparent scimitar
 72931 | Trove    | Identified the +1 scimitar of Ivaoq {distort, +Inv rPois}
                  | (You found it in a treasure trove)
 72943 | Depths:1 | Got a vibrating golden ring
 72944 | Depths:1 | Identified the ring "Goibet" {MP+9 Int+5} (You acquired it
                  | on level 1 of the Depths)
 72945 | Depths:1 | Upgraded the game from 0.23-a0-563-g409694ba0a to
                  | 0.23-a0-577-g2b1de944cd
 73273 | Depths:3 | Reached skill level 19 in Armour
 73273 | Depths:3 | Reached XP level 25. HP: 190/210 MP: 42/42
 73501 | Depths:3 | Found a sparkling altar of Nemelex Xobeh.
 73658 | Depths:3 | Found a gateway to a ziggurat.
 74039 | Depths:3 | Identified the +0 pair of gloves of Rationality {rElec rF+}
                  | (You found it on level 3 of the Depths)
 74052 | Depths:3 | Found a one-way gate leading to the halls of Pandemonium.
 74537 | Lair:4   | Killed Oppylety's ghost
 74936 | Depths:3 | Learned a level 8 spell: Chain Lightning
 75812 | Depths:4 | Reached skill level 5 in Earth Magic
 76202 | Depths:4 | Identified the Compendium of Ghastly Fire
 76518 | Depths:4 | Identified the +3 chain mail of Ula Irui {rPois rCorr Dex-4
                  | SInv} (You found it on level 4 of the Depths)
 76539 | Depths:5 | Entered Level 5 of the Depths
 76542 | Depths:5 | Reached skill level 15 in Long Blades
 77179 | Depths:5 | Found a sparkling altar of Nemelex Xobeh.
 77251 | Depths:5 | Reached skill level 20 in Armour
 77539 | Depths:5 | Noticed a juggernaut
 77572 | Depths:5 | Killed a juggernaut
 78345 | Depths:5 | Reached skill level 21 in Armour
 78655 | Depths:5 | Reached XP level 26. HP: 204/218 MP: 35/42
 79253 | Depths:5 | Found a gate to the Realm of Zot.
 79693 | Vaults:4 | Reached skill level 22 in Armour
 80070 | Vaults:5 | Noticed an ancient lich
 80073 | Vaults:5 | Reached skill level 23 in Armour
 80085 | Vaults:4 | Killed an ancient lich
 80664 | Vaults:5 | Reached skill level 24 in Armour
 80716 | Vaults:5 | Identified the +9 battleaxe of Penko {vamp, +Rage Dex+2}
 81511 | Vaults:5 | Gained mutation: Your magical capacity is low. (-10% MP) [a
                  | neqoxec]
 81520 | Vaults:5 | Reached XP level 27. HP: 224/224 MP: 38/38
 81673 | Vaults:5 | Got a silver rune of Zot
 81935 | Vaults:5 | Found Ygixtueth's Antique Armour Boutique.
 82037 | Vaults:5 | Identified the ring "Lichi" {*Slow Str+4 Int+3 Dex+6} (You
                  | found it on level 5 of the Vaults)
 82781 | Hell     | Entered the Vestibule of Hell
 82787 | Hell     | Noticed Geryon
 83420 | Hell     | Killed Geryon
 83829 | Depths:1 | Reached skill level 25 in Armour
 84285 | Hell     | Found a gateway to the decaying netherworld of Tartarus.
 84325 | Hell     | Found a gateway to the ashen valley of Gehenna.
 84639 | Hell     | Found a gateway to the Iron City of Dis.
 84913 | Hell     | Found a gateway to the freezing wastes of Cocytus.
 85062 | Zot:1    | Entered Level 1 of the Realm of Zot
 85927 | Zot:1    | Identified the +1 battleaxe of Defence by Offence {chop,
                  | rElec SInv Stlth+} (You found it on level 1 of the Realm of
                  | Zot)
 88000 | Zot:2    | You fall through a shaft!
 88614 | Zot:3    | Noticed an orb of fire
 88622 | Zot:3    | Killed an orb of fire
 89677 | Zot:2    | Found a large runed door.
 89677 | Zot:2    | Found a large runed door.
 89677 | Zot:2    | Noticed Sar's ghost (legendary DsFE)
 89695 | Zot:2    | Killed Sar's ghost
 89701 | Zot:2    | Got a crude jade amulet
 89702 | Zot:2    | Identified the amulet "Okhlacuxo" {Reflect rN++ Int+3 Dex-4
                  | SH+3} (You found it on level 2 of the Realm of Zot)
 91408 | Zot:4    | HP: 7/224 [golden dragon (22)]
 91408 | Zot:4    | HP: 1/224 [golden dragon (6)]
 91410 | Zot:4    | Slain by a golden dragon

Vault maps used:
D:1:      elethiomel_arrival_quiet, corexii_hall_statues_l
D:2:      minmay_misc_feat_columns, uniq_robin, uniq_terence
D:3:      first_ration, chequers_ecumenical_altar_simple_redux,
          portal_sewer_entry_a, minmay_misc_feat_pillars
D:4:      ebering_ghost_sewer_f, uniq_grinder, uniq_edmund
D:6:      minmay_opposing_rooms, marbit_many_paths,
          minmay_temple_entry_junction, uniq_eustachio, uniq_sigmund
D:7:      overflow_temple_1_default, overflow_temple_1_default, the_bakery
D:8:      elyvilon_altar_5
D:9:      minmay_klotski, chequers_temple_overflow_minitemple,
          david_orc_1_choice, serial_shops, nicolae_shop_overgrown_old_shop
D:10:     erik_lair_island
D:11:     serial_glass, glass_columns_c, glass_columns_a, nrook_loot_triangle
D:13:     gauntlet_entry_generic, chequers_arboretum, uniq_maurice
D:14:     david_vaults_1, gammafunk_ghost_mausoleum
D:15:     gammafunk_enter_depths_forms, minmay_fractal_squares_gapless_5
Temple:   regret_index_temple_waves
Lair:1:   grunt_megastairs_4, uniq_gastronok
Lair:2:   serial_bayou_pond_e
Lair:3:   minmay_swamp_entry_reptiles, spider_nest_entry_web_field
Lair:4:   maelrawn_ghost_gauntlet_escape
Lair:5:   slime_altar_1, gammafunk_ghost_hydra_chop
Lair:6:   cheibrodos_lair_end_hotspot, chequers_serial_rivers_small_a
Swamp:1:  evilmike_swamp_ruin_rubble_1
Swamp:2:  nicolae_swamp_treefoil, swamp_pool3, grunt_lady_of_the_lake
Swamp:3:  evilmike_swamp_ruin_house_2
Swamp:4:  swamp_basic_johnstein, swamp_pool4, nicolae_swamp_rocky_clearing
Spider:2: nicolae_crawler_farm, uniq_arachne
Spider:3: spiders_nest_ghost_moth_duel
Spider:4: johnstein_spider_rune_arachne_lair
Orc:1:    cheibrodos_orc_arena
Orc:2:    st_orc_town
Elf:1:    eino_elf_arrival_sip, minmay_elf_demonology, uniq_kirke
Elf:2:    mu_enter_wizlab_1, serial_shops, shop_statue,
          portal_desolation_entry_holy_temple
Elf:3:    grunt_elf_hall_asides, serial_shops, bzr_entry_islet
Vaults:1: vaults_dpeg_spiral, ontoclasm_vaults_spin, vaults_mumra_lcd,
          ontoclasm_vaults_bender, nicolae_vaults_theta,
          nicolae_vaults_network_square, vaults_room_grunt_arrival_ludios,
          serial_shops, nicolae_shop_trees
Vaults:2: nicolae_vaults_little_squares_1, nicolae_vaults_network_barrier,
          nicolae_vaults_little_squares_4, minmay_crypt_entry_simple_round,
          nicolae_vaults_mini_display_case, v_misc_12,
          hangedman_vaults_stitches, v_misc_8, nicolae_vaults_circle_grid_a,
          ontoclasm_vaults_decontamination, grunt_vaults_hallway_short,
          nicolae_vaults_yaktaur_gun_rack, vaults_room_pool,
          nicolae_vaults_what_the_h, nicolae_vaults_theta, uniq_xtahua
Vaults:3: hangedman_vaults_slither, hangedman_vaults_nails,
          hangedman_vaults_snaps, ontoclasm_vaults_gateway, v_misc_11,
          v_alt_pattern_4, v_pattern_1, dpeg_vaults_monster_row,
          nicolae_vaults_ring_of_whatevers, nicolae_vaults_specimen_jars,
          serial_shops, nicolae_shop_behind_doors, uniq_nikola
Vaults:4: ebering_vaults_ghost_gozag, hangedman_vaults_variations,
          nicolae_vaults_little_ls, nicolae_vaults_little_squares_4,
          grunt_vaults_bifocal, hangedman_vaults_stream, v_rooms_5,
          hangedman_vaults_maws, nicolae_vaults_fighting_squares,
          nicolae_vaults_hallways_thing,
          vaults_standard_mumra_enter_the_diamond, hangedman_vaults_restitches,
          vaults_dpeg_encased_lava, serial_shops, shop, shop
Crypt:1:  grunt_megastairs_2, grunt_crypt_arrival_split
Crypt:2:  roderic_lattice_octagonal_star
Crypt:3:  grunt_crypt_end_deaths_head, uniq_khufu, uniq_sojobo
Depths:1: minmay_distorted_concentric_squares, enter_trove_2,
          abyss_entry_small_statue_room, pf_hell_entry_tar_river,
          chequers_serial_rivers_small_a, statue_in_the_mist_lemuel,
          kennysheep_flooded_box, spider_trap, evilmike_ruin_ashenzari
Depths:2: evilmike_lava_path, abyss_entry, hell_entry, minmay_misc_feat_doors
Depths:3: grunt_house_of_mirrors, enter_ziggurat_a,
          nemelex_xobeh_ov_fountains_minmay, hell_entry, grunt_pan_entry_spiral,
          abyss_entry, minmay_staircase_windowed_small, firewood_loft
Depths:4: minmay_shrinking_squares, hell_entry, abyss_entry,
          serial_bayou_pond_c, minmay_fractal_squares_diagonal_5
Depths:5: grunt_zot_entry_gee_three, marbit_kobold_abyss_entry,
          grunt_hell_entry_dis_mu, nemelex_diamond_rough_becter
Zot:2:    ebering_ghost_disaster_area, grunt_ministairs_4, st_stairs_12
Zot:3:    hangedman_elemental_grid_stream
Zot:4:    grunt_ministairs_13
Abyss:4:  grunt_abyss_rune_forest_and_sorcery, minivault_13
Abyss:5:  evilmike_abyss_exit_glass, hangedman_grunt_abyss_rune_horror_hoard,
          bh_abyss_exit_grid, serial_sigils_hangedman_quiver
Bazaar:   bazaar_lake
Trove:    trove_nasty
Sewer:    sewer_the_crocodile
WizLab:   wizlab_golubria

Skill      XL: |  1  2  3  4  5  6  7  8  9 10 11 12 13 14 15 16 17 18 19 20 21 22 23 24 25 26 27 |
---------------+----------------------------------------------------------------------------------+-----
Fighting       | 1 2 3 4 5 7 9 11 12 13 14 15 16 17 18 19 20 | 20.0
Ice Magic      | 4 5 6 7 10 12 13 | 13.0
Dodging        | 3 5 7 9 |  9.0
Slings         | 1 2 3 5 6 |  6.0
Spellcasting   | 3 4 8 10 12 14 15 18 | 18.9
Charms         | 2 |  2.1
Conjurations   | 2 4 6 8 9 10 11 13 | 13.5
Throwing       | 2 |  2.0
Long Blades    | 3 6 8 11 12 14 16 | 16.0
Evocations     | 4 6 7 9 10 14 | 14.1
Shields        | 2 4 7 12 15 | 15.0
Invocations    | 2 6 8 9 10 | 10.1
Transmutations | 3 6 |  6.1
Earth Magic    | 2 3 6 |  6.0
Air Magic      | 4 7 9 10 12 15 17 18 | 18.0
Armour         | 2 7 9 11 13 14 16 19 21 24 25 | 25.0
Summonings     | 6 |  6.0
Translocations | 2 5 |  5.0
Hexes          | 2 |  2.0
Stealth        | |  1.7

Action                   |  1- 3 |  4- 6 |  7- 9 | 10-12 | 13-15 | 16-18 | 19-21 | 22-24 | 25-27 || total
-------------------------+-------+-------+-------+-------+-------+-------+-------+-------+-------++-------
Melee: Spear             |    39 |     4 |       |       |       |       |       |       |       ||    43
       Falchion          |       |       |    20 |   584 |   273 |       |    14 |       |       ||   891
       Long sword        |       |       |       |       |  1184 |  1712 |  1690 |  1533 |   699 ||  6818
       Double sword      |       |       |       |       |       |       |       |       |   707 ||   707
       Demon blade       |       |       |       |       |       |       |       |       |   163 ||   163
 Fire: Hunting sling     |       |    52 |   262 |    47 |    53 |    49 |       |       |       ||   463
 Cast: Freeze            |    54 |    32 |    66 |     6 |    14 |     3 |       |       |       ||   175
       Ozocubu's Armour  |       |     3 |    15 |    42 |    31 |       |       |       |       ||    91
       Throw Icicle      |       |       |     1 |    26 |    74 |   119 |    35 |    30 |    38 ||   323
       Statue Form       |       |       |       |       |     1 |       |       |       |       ||     1
       Summon Lightning  |       |       |       |       |       |    54 |    85 |    50 |    28 ||   217
       Freezing Cloud    |       |       |       |       |       |       |    10 |    66 |   117 ||   193
       Sticky Flame      |       |       |       |       |       |       |     3 |    12 |     3 ||    18
       Conjure Ball Ligh |       |       |       |       |       |       |       |    38 |    34 ||    72
       Silence           |       |       |       |       |       |       |       |    18 |    15 ||    33
       Regeneration      |       |       |       |       |       |       |       |     1 |       ||     1
Invok: Slouch            |       |       |       |       |     1 |    18 |    17 |     7 |     5 ||    48
 Abil: Hop               |       |       |       |    10 |    11 |    11 |     4 |     7 |     7 ||    50
       Evoke Invisibilit |       |       |       |     2 |    15 |     5 |     4 |     3 |     8 ||    37
       Stop Flying       |       |       |       |       |       |       |       |     1 |     1 ||     2
       Evoke Flight      |       |       |       |       |       |       |       |       |     1 ||     1
Evoke: Wand              |       |       |     1 |     8 |     3 |    12 |     4 |     6 |     4 ||    38
  Use: Scroll            |       |    12 |     3 |    14 |    19 |    16 |     7 |    30 |    20 ||   121
       Potion            |       |       |       |     7 |     5 |     5 |     2 |    12 |     6 ||    37
 Stab: Sleeping          |     2 |       |       |     6 |     8 |       |       |       |       ||    16
       Invisible         |       |       |       |       |    95 |     2 |    13 |    24 |    21 ||   155
       Confused          |       |       |       |       |     1 |       |       |       |       ||     1
       Distracted        |       |       |       |       |       |    10 |    32 |    23 |    11 ||    76
  Eat: Chunk             |     2 |     4 |    24 |    22 |    32 |    31 |    20 |     9 |    12 ||   156
       Ration            |     1 |       |       |       |     1 |     7 |     3 |     7 |     8 ||    27
Armor: Robe              |     9 |    11 |    26 |       |       |       |       |       |       ||    46
       Leather armour    |       |       |    71 |    78 |       |       |       |       |       ||   149
       Troll leather arm |       |       |       |   112 |    70 |       |       |       |       ||   182
       Plate armour      |       |       |       |       |   238 |   854 |   973 |   495 |   809 ||  3369
Dodge: Dodged            |    62 |    27 |   143 |   522 |   730 |   850 |   464 |   288 |   394 ||  3480
Block: Buckler           |       |       |       |   145 |   745 |  1086 |   405 |       |       ||  2381
       Reflection        |       |       |       |       |    13 |    61 |   126 |    83 |   142 ||   425
       Shield            |       |       |       |       |       |       |  2090 |  2586 |  2961 ||  7637
       Rpst.: Falchion   |       |       |     9 |   122 |    25 |       |       |       |       ||   156
       Long sword        |       |       |       |       |   154 |   141 |    74 |    45 |    16 ||   430
       Double sword      |       |       |       |       |       |       |       |       |    36 ||    36
       Demon blade       |       |       |       |       |       |       |       |       |     3 ||     3

Table legend:
 A = Non-vault XP
 B = Vault XP
 C = Vault XP percentage of total XP
 D = Non-vault monster count
 E = Vault monster count
 F = Vault count percentage of total count
                 A         B        C        D         E       F
            +---------+---------+-------+---------+---------+-------
      Total |  793227 |  682053 |  46.2 |    1595 |     919 |  36.6
            +---------+---------+-------+---------+---------+-------
        D:1 |      44 |       2 |   4.3 |      20 |       1 |   4.8
        D:2 |      21 |      65 |  75.6 |      10 |      12 |  54.5
        D:3 |      19 |      16 |  45.7 |       9 |       3 |  25.0
        D:4 |     412 |     772 |  65.2 |      14 |       8 |  36.4
        D:5 |     550 |       0 |   0.0 |      14 |       0 |   0.0
        D:6 |     367 |     901 |  71.1 |      13 |      10 |  43.5
        D:7 |    1170 |     211 |  15.3 |      31 |       1 |   3.1
        D:8 |    1927 |       0 |   0.0 |      37 |       0 |   0.0
        D:9 |    2880 |    7001 |  70.9 |      22 |      20 |  47.6
       D:10 |    5250 |     897 |  14.6 |      33 |       8 |  19.5
       D:11 |    4382 |       0 |   0.0 |      37 |       0 |   0.0
       D:12 |    4771 |       0 |   0.0 |      26 |       0 |   0.0
       D:13 |   11750 |     457 |   3.7 |      37 |       1 |   2.6
       D:14 |    9040 |    9822 |  52.1 |      39 |      16 |  29.1
       D:15 |    3432 |    6589 |  65.8 |      10 |      16 |  61.5
     Temple |       0 |     196 | 100.0 |       0 |       1 | 100.0
     Lair:1 |    2103 |    2670 |  55.9 |       9 |       3 |  25.0
     Lair:2 |    6094 |       0 |   0.0 |      22 |       0 |   0.0
     Lair:3 |    2928 |     274 |   8.6 |       5 |       4 |  44.4
     Lair:4 |    7897 |    3788 |  32.4 |      24 |       5 |  17.2
     Lair:5 |    6846 |       0 |   0.0 |      17 |       0 |   0.0
     Lair:6 |    8940 |    6920 |  43.6 |      35 |      24 |  40.7
    Swamp:1 |    5223 |       0 |   0.0 |      16 |       0 |   0.0
    Swamp:2 |   13728 |       0 |   0.0 |      28 |       0 |   0.0
    Swamp:3 |   12523 |       0 |   0.0 |      29 |       0 |   0.0
    Swamp:4 |   14686 |   24055 |  62.1 |      52 |      34 |  39.5
   Spider:1 |   19426 |    2717 |  12.3 |      49 |       1 |   2.0
   Spider:2 |    9338 |    1983 |  17.5 |      28 |       7 |  20.0
   Spider:3 |   15003 |   15005 |  50.0 |      49 |      17 |  25.8
   Spider:4 |   12515 |   19765 |  61.2 |      33 |      52 |  61.2
      Orc:1 |    4409 |    1860 |  29.7 |      44 |      15 |  25.4
      Orc:2 |    4808 |    9125 |  65.5 |      31 |      59 |  65.6
      Elf:1 |   20605 |    6886 |  25.0 |      49 |      17 |  25.8
      Elf:2 |   11565 |   26615 |  69.7 |      17 |      31 |  64.6
      Elf:3 |   18877 |   45987 |  70.9 |      28 |      32 |  53.3
   Vaults:1 |    7685 |   12022 |  61.0 |      23 |      14 |  37.8
   Vaults:2 |   31373 |   25261 |  44.6 |      54 |      30 |  35.7
   Vaults:3 |   27473 |   27837 |  50.3 |      56 |      28 |  33.3
   Vaults:4 |   19246 |   53913 |  73.7 |      31 |      66 |  68.0
   Vaults:5 |   29198 |   80610 |  73.4 |      50 |      53 |  51.5
    Crypt:1 |   47312 |    2063 |   4.2 |      60 |       2 |   3.2
    Crypt:2 |   16064 |       0 |   0.0 |      28 |       0 |   0.0
    Crypt:3 |       0 |   96702 | 100.0 |       0 |     126 | 100.0
   Depths:1 |   43406 |   11225 |  20.5 |      54 |      20 |  27.0
   Depths:2 |   28023 |   24353 |  46.5 |      35 |      20 |  36.4
   Depths:3 |   55163 |   33284 |  37.6 |      67 |      32 |  32.3
   Depths:4 |   53565 |   11669 |  17.9 |      49 |       7 |  12.5
   Depths:5 |   46194 |   30143 |  39.5 |      46 |      21 |  31.3
       Hell |   17410 |   20865 |  54.5 |      23 |      41 |  64.1
      Zot:1 |   54870 |    4781 |   8.0 |      30 |       2 |   6.2
      Zot:2 |   28119 |   10890 |  27.9 |      22 |       3 |  12.0
      Zot:3 |   25265 |   21355 |  45.8 |      16 |      10 |  38.5
      Zot:4 |     630 |    2708 |  81.1 |       2 |       1 |  33.3
    Abyss:4 |    4996 |       0 |   0.0 |      14 |       0 |   0.0
    Abyss:5 |   13706 |       0 |   0.0 |      18 |       0 |   0.0
      Trove |       0 |     838 | 100.0 |       0 |       4 | 100.0
      Sewer |       0 |     112 | 100.0 |       0 |       6 | 100.0
     WizLab |       0 |   16843 | 100.0 |       0 |      35 | 100.0
            +---------+---------+-------+---------+---------+-------
